 Dungeon Crawl Stone Soup version 0.23.2-30-g0e89c35649 (webtiles) character file.

Game seed: 11803517725381135652

42559 Mrkan the Bludgeoner (level 14, 0/90 HPs)
             Began as a Gargoyle Fighter on June 24, 2019.
             Was a High Priest of Okawaru.
             Slain by a death yak (16 damage)
             ... on level 5 of the Lair of Beasts.
             The game lasted 00:38:13 (15808 turns).

Mrkan the Bludgeoner (Gargoyle Fighter)            Turns: 15808, Time: 00:38:13

Health: 0/90       AC: 27    Str: 20    XL:     14   Next: 20%
Magic:  15/22      EV: 13    Int: 10    God:    Okawaru [*****.]
Gold:   1170       SH: 15    Dex: 13    Spells: 13/13 levels left

rFire    . . .     SeeInvis .   y - +2 morningstar
rCold    + . .     Gourm    .   c - +0 shield
rNeg     + . .     Faith    .   h - +2 ring mail {rC+}
rPois    ∞         Spirit   .   z - +2 hat {MR+}
rElec    +         Reflect  .   C - scarf {repulsion}
rCorr    .         Harm     .   q - +1 pair of gloves
MR       ++...                  (no boots)
Stlth    ++........             u - amulet of regeneration
HPRegen  0.65/turn              m - +3 ring of protection
MPRegen  0.18/turn              Q - +4 ring of slaying

@: heroism, finesse, barbed spikes, repel missiles
A: big wings, negative energy resistance 1, electricity resistance, unbreathing,
petrification resistance, rot immunity, AC +10
a: Fly, Heroism, Finesse, Renounce Religion


You were on level 5 of the Lair of Beasts.
You worshipped Okawaru.
Okawaru was extremely pleased with you.
You were not hungry.

You visited 3 branches of the dungeon, and saw 17 of its levels.

You collected 1170 gold pieces.

Inventory:

Hand Weapons
 y - a +2 morningstar (weapon)
 T - the +1 triple crossbow "Ragap" {penet, rPois Dex+7, unknown}
   (Okawaru gifted it to you on level 6 of the Lair of Beasts)

   Ammo fired by it will pass through the targets it hits, potentially hitting
   all targets in its path until it reaches maximum range.
   It affects your dexterity (+7).
   It protects you from poison.
Missiles
 w - 2 javelins of returning (quivered)
 J - 3 javelins of penetration
Armour
 c - a +0 shield (worn)
 h - a +2 ring mail of cold resistance (worn)
 q - a +1 pair of gloves (worn)
 z - a +2 hat of magic resistance (worn)
 B - a +0 chain mail
 C - a scarf of repulsion (worn)
Jewellery
 m - a +3 ring of protection (left hand)
 p - a +4 ring of strength
 u - an amulet of regeneration (around neck)
 x - an uncursed ring of positive energy
 P - an uncursed ring of stealth
 Q - a +4 ring of slaying (right hand)
Wands
 a - a wand of random effects (33)
 i - a wand of disintegration (10)
 l - a wand of polymorph (8)
 v - a wand of acid (11)
 E - a wand of flame (26)
 G - a wand of enslavement (11)
 L - a wand of paralysis (18)
 O - a wand of scattershot (7)
 S - a wand of iceblast (22)
Scrolls
 e - 3 scrolls of torment
 j - 4 scrolls of magic mapping
 k - 11 scrolls of remove curse
 o - 7 scrolls of teleportation
 F - 2 scrolls of amnesia
 H - a scroll of fear
 R - 2 scrolls of enchant armour
 W - a scroll of identify
Potions
 b - a potion of berserk rage {unknown}
 d - 2 potions of brilliance {unknown}
 g - 9 potions of curing
 n - 4 potions of ambrosia
 r - a potion of might
 s - 2 potions of resistance
 t - 3 potions of agility {unknown}
 D - a potion of cancellation {unknown}
 I - 2 potions of haste {unknown}
 K - 2 potions of lignification {unknown}
 M - a potion of magic {unknown}
 N - 3 potions of mutation {unknown}
 U - a potion of invisibility {unknown}
 V - 2 potions of heal wounds
Comestibles
 f - 23 rations
 A - 5 chunks of flesh


   Skills:
 + Level 11.0(16.0) Fighting
 * Level 15.1(20.1) Maces & Flails
 - Level 7.1(12.1) Armour
 + Level 12.4(17.4) Shields
 + Level 11.1 Invocations


You had 13 spell levels left.
You didn't know any spells.
Your spell library contained the following spells:

 Spells                   Type           Power        Failure   Level  Hunger
 Corona                   Hex            #......      50%         1    ##.....
 Shock                    Conj/Air       #...         50%         1    ##.....
 Ensorcelled Hibernation  Hex/Ice        #.....       63%         2    ###....
 Swiftness                Chrm/Air       #.......     63%         2    ###....
 Confuse                  Hex            #.......     86%         3    ####...
 Dazzling Spray           Conj/Hex       #.....       86%         3    ####...
 Static Discharge         Conj/Air       #.......     86%         3    ####...
 Tukima's Dance           Hex            #.......     86%         3    ####...
 Airstrike                Air            #.........   99%         4    #####..
 Lightning Bolt           Conj/Air       #.........   100%        5    ######.


Dungeon Overview and Level Annotations

Branches:
Dungeon (10/15)            Temple (1/1) D:5            Lair (6/6) D:8
  Swamp (0/4) Lair:2       Spider (0/4) Lair:3          Orc (0/2) D:9
  Slime: Lair:5-6

Altars:
Ashenzari
Cheibriados
Dithmenos
Elyvilon
Fedhas
Gozag
Hepliaklqana
Kikubaaqudgha
Makhleb
Nemelex Xobeh
Okawaru
Qazlal
Ru
Sif Muna
Trog
Uskayaw
Vehumet
Wu Jian
Xom
Yredelemnul
Zin
The Shining One

Annotations:
D:9 3 runed translucent doors, exclusion: obsidian statue, Ananasrisotto's ghost, novice DsBe
Lair:5 2 transporters, exclusion: oklob plant, Mrkan's ghost, journeyman HuBe


Innate Abilities, Weirdness & Mutations

You are resistant to torment.
Your stone body is resilient. (AC +10)
You are immune to poison.
Your large and strong wings let you fly indefinitely.
You resist negative energy. (rN+)
You are resistant to electric shocks. (rElec)
You can survive without breathing.
You are immune to petrification.
You are immune to rotting.


Message History

* * * LOW HITPOINT WARNING * * *
There is an escape hatch in the ceiling here.
You block the death yak's attack.
The barbed spikes dig painfully into your body as you move.
* * * LOW HITPOINT WARNING * * *
A mysterious force pulls you upwards. The hatch slams shut behind you.
Level annotation: 2 transporters, exclusion: oklob plant, Mrkan's ghost, journeyman HuBe You feel better.
The death yak gores you but does no damage.
The barbed spikes dig painfully into your body as you move.
* * * LOW HITPOINT WARNING * * *
You hit the death yak.
The death yak is lightly wounded.
You block the death yak's attack.
Some of the chunks of flesh in your inventory have rotted away.
You gain the combat prowess of a mighty hero.
The death yak closely misses you.
You can now deal lightning-fast blows.
The death yak gores you!
You die...

..........######
...........##..####
..............##..#
..................#
..................###
#####...##..........##
#iiy###..##...[......#
......##.##..........#
##.#.. #.......Y@..).#
≈#. #####....#.......#
# #..#....#.#.#...# .
_..#.©#©..######.#.# .
)i....#...# ##### #
#....##.###
###y...#..#
#.#i..##..#
#i..###..##


You could see a death yak.

Vanquished Creatures
  8 hydras
  3 catoblepae (Lair:6)
  2 two-headed ogres
  6 death yaks (Lair:6)
  Sonja (Lair:2)
  An elephant (D:8)
  4 black mambas
  9 spiny frogs
  4 komodo dragons
  2 rime drakes
  2 polar bears
  3 hornets
  A troll (D:7)
  7 hippogriffs
  A bog body (Lair:2)
  9 dream sheep
  8 blink frogs
  A spriggan (Lair:2)
  41 yaks
  A wraith (D:10)
  A wyvern (D:10)
  A redback (Lair:3)
  Eustachio (D:6)
  2 basilisks
  2 hungry ghosts
  A swamp worm (Lair:2)
  11 water moccasins
  15 porcupines
  An orc warrior (D:7)
  2 sky beasts
  3 ice beasts
  2 black bears
  12 wolves
  6 ogres
  3 centaurs
  9 crocodiles
  4 big kobolds
  11 bullfrogs
  A gnoll sergeant (D:9)
  A scorpion (D:7)
  53 killer bees
  3 wights (D:9)
  2 electric eels
  4 howler monkeys (D:7)
  4 crimson imps
  A quasit (D:9)
  A centaur zombie (D:5)
  3 jellies
  4 orc priests
  A bullfrog skeleton (D:8)
  2 hounds
  An iguana (D:6)
  7 orc wizards
  11 worker ants
  8 ogre zombies (D:9)
  2 worker ant zombies
  5 gnolls (D:9)
  5 adders
  3 oozes
  An adder skeleton (D:4)
  An adder zombie (D:5)
  7 worms
  2 dart slugs (D:1)
  7 leopard geckos
  16 orcs
  4 giant cockroaches
  11 goblins
  7 hobgoblins
  7 jackals (D:6)
  3 quokkas
  3 ball pythons
  17 bats
  2 frilled lizards
  6 goblin zombies (D:9)
  3 hobgoblin zombies (D:9)
  10 kobolds
  3 orc skeletons (D:9)
  13 orc zombies (D:9)
  A quokka zombie (D:5)
  9 rats
  A fungus (Lair:1)
457 creatures vanquished.

Vanquished Creatures (others)
  2 fungi
  34 plants
36 creatures vanquished.

Grand Total: 493 creatures vanquished

Notes
Turn   | Place    | Note
-------+----------+-------------------------------------------
     0 | D:1      | Mrkan the Gargoyle Fighter began the quest for the Orb.
     0 | D:1      | Reached XP level 1. HP: 14/14 MP: 1/1
   191 | D:1      | Reached XP level 2. HP: 13/19 MP: 2/2
   410 | D:1      | Reached XP level 3. HP: 23/23 MP: 3/3
   662 | D:1      | Reached skill level 3 in Maces & Flails
  1335 | D:2      | Reached XP level 4. HP: 29/29 MP: 4/4
  1658 | D:2      | Noticed an ogre
  1682 | D:2      | Killed an ogre
  1682 | D:2      | Reached skill level 4 in Maces & Flails
  1682 | D:2      | Reached XP level 5. HP: 27/34 MP: 5/5
  3006 | D:4      | Reached XP level 6. HP: 38/39 MP: 6/6
  3104 | D:4      | Found a stormy altar of Qazlal.
  3170 | D:4      | Found a deep blue altar of Sif Muna.
  3170 | D:4      | Found a radiant altar of Vehumet.
  3325 | D:4      | Reached skill level 5 in Maces & Flails
  3516 | D:5      | Entered Level 5 of the Dungeon
  3592 | D:5      | Reached skill level 5 in Fighting
  3592 | D:5      | Reached skill level 5 in Shields
  3592 | D:5      | Reached XP level 7. HP: 12/44 MP: 7/7
  3992 | D:5      | Reached skill level 6 in Maces & Flails
  4059 | D:5      | Found a staircase to the Ecumenical Temple.
  4083 | D:5      | Reached XP level 8. HP: 51/51 MP: 8/8
  4103 | Temple   | Entered the Ecumenical Temple
  4235 | Temple   | Became a worshipper of Warmaster Okawaru
  4482 | D:5      | Reached skill level 1 in Invocations
  4536 | D:5      | Found a basalt altar of Yredelemnul.
  4997 | D:6      | Reached skill level 7 in Maces & Flails
  5044 | D:6      | Noticed Eustachio
  5111 | D:6      | Killed Eustachio
  5172 | D:6      | Found a sacrificial altar of Ru.
  5226 | D:6      | Reached * piety under Okawaru
  5306 | D:6      | Found a glowing silver altar of Zin.
  5412 | D:6      | Found a snail-covered altar of Cheibriados.
  5918 | D:7      | Noticed a troll
  5922 | D:7      | Reached XP level 9. HP: 56/56 MP: 11/11
  5934 | D:7      | Killed a troll
  5934 | D:7      | Reached skill level 8 in Maces & Flails
  6019 | D:7      | Reached ** piety under Okawaru
  6267 | D:7      | Reached skill level 9 in Maces & Flails
  6275 | D:7      | Reached *** piety under Okawaru
  6454 | D:7      | Found a glowing silver altar of Zin.
  6659 | D:8      | Reached skill level 5 in Invocations
  6659 | D:8      | Reached XP level 10. HP: 64/64 MP: 13/13
  6711 | D:8      | Found a staircase to the Lair.
  6711 | D:8      | Noticed an elephant
  6778 | D:8      | Killed an elephant
  6970 | D:8      | Reached **** piety under Okawaru
  6970 | D:8      | Reached skill level 10 in Maces & Flails
  7299 | D:8      | Found a sparkling altar of Nemelex Xobeh.
  7342 | D:8      | Noticed a two-headed ogre
  7357 | D:8      | Killed a two-headed ogre
  7412 | D:9      | Noticed a two-headed ogre
  7425 | D:9      | Killed a two-headed ogre
  7471 | D:9      | Reached ***** piety under Okawaru
  7485 | D:9      | Found a runed translucent gate.
  7652 | D:9      | Reached XP level 11. HP: 71/71 MP: 15/15
  7897 | D:9      | Reached skill level 11 in Maces & Flails
  7956 | D:9      | Found a staircase to the Orcish Mines.
  8386 | D:9      | Noticed a three-headed hydra
  8397 | D:9      | Killed a three-headed hydra
  8554 | D:9      | Found a runed translucent gate.
  8554 | D:9      | Found a runed translucent gate.
  8554 | D:9      | Found an opulent altar of Gozag.
  8556 | D:9      | Noticed Ananasrisotto's ghost (novice DsBe)
  8556 | D:9      | Noticed an obsidian statue
  8658 | D:10     | Entered Level 10 of the Dungeon
  8728 | D:10     | Received a gift from Okawaru
  9581 | Lair:1   | Entered Level 1 of the Lair of Beasts
  9776 | Lair:1   | Noticed a six-headed hydra
  9793 | Lair:1   | Killed a six-headed hydra
 10112 | Lair:1   | Reached skill level 12 in Maces & Flails
 10195 | Lair:1   | Reached skill level 10 in Shields
 10258 | Lair:1   | Reached XP level 12. HP: 56/76 MP: 18/18
 10307 | Lair:1   | Reached skill level 5 in Armour
 10951 | Lair:2   | Received a gift from Okawaru
 11250 | Lair:2   | Noticed Sonja
 11284 | Lair:2   | Killed Sonja
 11409 | Lair:2   | Received a gift from Okawaru
 11436 | Lair:2   | Got a scorched helmet {god gift}
 11437 | Lair:2   | Identified the +1 helmet of the True Pharaoh {*Corrode MR+
                  | Dex+4 Slay+3} (Okawaru gifted it to you on level 2 of the
                  | Lair of Beasts)
 11659 | Lair:2   | Found a staircase to the Swamp.
 11997 | Lair:3   | Reached skill level 13 in Maces & Flails
 12156 | Lair:3   | Noticed a six-headed hydra
 12169 | Lair:3   | Killed a six-headed hydra
 12279 | Lair:3   | Found a hole to the Spider Nest.
 12820 | Lair:4   | Reached XP level 13. HP: 80/80 MP: 20/20
 13690 | Lair:4   | Reached ****** piety under Okawaru
 13690 | Lair:4   | Reached skill level 10 in Invocations
 13774 | Lair:4   | Reached skill level 14 in Maces & Flails
 13905 | Lair:5   | Received a gift from Okawaru
 13919 | Lair:5   | Reached skill level 10 in Fighting
 14186 | Lair:5   | Identified the +0 spear of Somuskia {protect, Str+6 Dex+6}
 14189 | Lair:5   | Noticed Mrkan's ghost (journeyman HuBe)
 14190 | Lair:5   | Identified the +9 spear of the Jolly Wishes {flame, Int+4
                  | Dex+3}
 14204 | Lair:5   | Found a transporter.
 14206 | Lair:5   | Found a transporter.
 14224 | Lair:5   | Found a bloodstained altar of Trog.
 14756 | Lair:6   | Entered Level 6 of the Lair of Beasts
 14876 | Lair:6   | Received a gift from Okawaru
 15463 | Lair:6   | Gained mutation: Your large and strong wings let you fly
                  | indefinitely. [Gargoyle growth]
 15463 | Lair:6   | Reached XP level 14. HP: 62/88 MP: 22/22
 15558 | Lair:6   | Reached skill level 15 in Maces & Flails
 15705 | Lair:6   | Received a gift from Okawaru
 15708 | Lair:6   | Got a slimy triple crossbow {god gift}
 15808 | Lair:5   | Slain by a death yak

Skill      XL: |  1  2  3  4  5  6  7  8  9 10 11 12 13 14 |
---------------+-------------------------------------------+-----
Maces & Flails | 3 4 5 6 7 9 10 12 13 14 15 | 15.1
Fighting       | 4 5 6 7 9 10 11 | 11.0
Shields        | 4 5 6 7 8 10 11 12 | 12.4
Invocations    | 3 5 6 8 9 10 11 | 11.1
Armour         | 4 7 |  7.1

Action                   |  1- 3 |  4- 6 |  7- 9 | 10-12 | 13-15 || total
-------------------------+-------+-------+-------+-------+-------++-------
Melee: Flail             |    85 |   207 |   486 |  1455 |    73 ||  2306
       Morningstar       |       |       |       |       |   462 ||   462
Invok: Heroism           |       |       |       |     4 |     5 ||     9
       Finesse           |       |       |       |     4 |     6 ||    10
Evoke: Wand              |       |       |     2 |       |     1 ||     3
  Use: Potion            |       |     1 |     2 |     1 |     3 ||     7
       Scroll            |       |     2 |    11 |    11 |     2 ||    26
  Eat: Chunk             |     1 |     7 |     8 |    16 |     8 ||    40
       Ration            |       |       |     2 |     3 |       ||     5
Armor: Scale mail        |    47 |   150 |   105 |       |       ||   302
       Chain mail        |       |       |   268 |   925 |   248 ||  1441
       Ring mail         |       |       |       |       |    61 ||    61
Dodge: Dodged            |    35 |    70 |   146 |   389 |   125 ||   765
       Deflected         |       |       |       |     5 |       ||     5
Block: Shield            |    51 |   124 |   315 |  1074 |   341 ||  1905
